 Dungeon Crawl Stone Soup version 0.31-a0-237-g2d982f9f85 (webtiles) character file.

Game seed: 9431971465673265662

64 qw the Shooter (level 4, 0/26 HPs)
             Began as a Gargoyle Hexslinger on July 11, 2023.
             Frozen to death by an endoplasm (4 damage)
             ... on level 2 of the Dungeon.
             The game lasted 00:00:30 (941 turns).

qw the Shooter (Gargoyle Hexslinger)                 Turns: 941, Time: 00:00:31

Health: 0/26       AC: 10    Str: 11    XL:     4   Next: 12%
Magic:  5/5        EV: 10    Int: 14    God:
Gold:   107        SH:  0    Dex: 14    Spells: 4/5 levels left

rFire   + . .        Y - +1 sling (chaos)
rCold   . . .        (no shield)
rNeg    + . .        a - +0 ring mail
rPois   inf          d - +0 helmet
rElec   +            (no cloak)
rCorr   .            g - +0 pair of gloves
SInv    .            (no boots)
Will    .....        (no amulet)
Stlth   +            b - ring of protection from fire
HPRegen 0.24/turn    (no ring)
MPRegen 0.09/turn

%: no passive effects
@: no status effects
A: sickness immunity, AC +3, negative energy resistance 1, electricity
resistance, torment resistance 1, petrification resistance
a: no special abilities


You were on level 2 of the Dungeon.
You visited 1 branch of the dungeon, and saw 3 of its levels.

You collected 107 gold pieces.


Innate Abilities, Weirdness & Mutations

You are immune to sickness and miasma.
Your stone body is resilient. (AC +3)
You are immune to poison.
You resist negative energy. (rN+)
You are resistant to electric shocks. (rElec)
You are resistant to unholy torment.
You are immune to petrification.


   Skills:
 - Level 2.0 Fighting
 - Level 3.9 Ranged Weapons
 + Level 0.1 Armour
 - Level 1.5 Dodging
 - Level 1.0 Spellcasting
 - Level 2.6 Hexes


You had 4 spell levels left.
You knew the following spells:

 Your Spells              Type           Power      Damage    Failure   Level
a - Slow                  Hex            32%        N/A       22%         1

Your spell library contained the following spells:

 Spells                   Type           Power      Damage    Failure   Level
 Inner Flame              Hex/Fire       4%         N/A       73%         3
 Portal Projectile        Hex/Tloc       8%         N/A       73%         3
 Cause Fear               Hex            4%         N/A       91%         4

Inventory:

Hand Weapons
 Y - a +1 sling of chaos (weapon)
Armour
 a - a +0 ring mail (worn)
 d - a +0 helmet (worn)
 g - a +0 pair of gloves (worn)
Jewellery
 b - a ring of protection from fire (left hand)
Potions
 e - a potion of mutation {unknown}
 j - a potion of degeneration {unknown}

Dungeon Overview and Level Annotations

Branches:
Dungeon (3/15)

Altars:
Trog

Shops:
D:3 (

Annotations:
D:1 1 runed translucent door
D:2 Grinder


Message History

The rat closely misses you.
The giant cockroach bites you but does no damage.
You shoot a sling bullet. The sling bullet hits the bat.
You kill the bat!
The giant cockroach closely misses you. Grinder gestures at you.
You barely resist. The rat closely misses you.
You shoot a sling bullet. The sling bullet hits Grinder.
Grinder is lightly wounded.
The giant cockroach closely misses you. Grinder barely misses you.
The rat bites you but does no damage. The giant cockroach closely misses you.
The adder bites you but does no damage.
You shoot a sling bullet. The sling bullet hits Grinder!
The sling bullet burns Grinder.
Grinder is moderately wounded.
The rat bites you. Grinder hits you.
You writhe in agony.
The giant cockroach barely misses you.
A bat comes into view.
The adder bites you but does no damage. Grinder gestures at you.
Pain shoots through your body! The rat closely misses you.
The giant cockroach closely misses you.
939 ||| STAIRDANCE The adder closely misses you.
The endoplasm hits you. The giant cockroach bites you. The rat bites you.
Grinder hits you.
You writhe in agony.
The adder bites you but does no damage.
You climb upwards.
There is a stone staircase leading down here.
Enter note:
Enter note:
Enter note:
Enter note:
Enter note:
Enter note: You shoot a sling bullet.
The sling bullet hits the endoplasm.
The endoplasm is severely wounded.
The giant cockroach bites you but does no damage.
The endoplasm freezes you.
You are frozen.
You die...

#.######## #.......# #.......
#.#......# #.......# #.....>.
#.#......# #....¤¤¤# #.......
##.#......###...¤¤¤¤######.......
#..#...)........¤¤¤¤¤¤...........
.........%########¤#¤¤.###.......
..........# #¤###.###.......
..........########5###......%....
..............SB@Jr.....[........
....###.##########.####...##.)###
...)# #.# #..###.####..### ....#
#.# ###..#..# ##.... ##### #.#
###......## #.##. #.#
##...###.#### #.###
###.######..### #....# #.#
#..........######....# #.#
#.#.###..............# #.#


You could see Grinder, an adder, an endoplasm, a giant cockroach and a rat.

Vanquished Creatures
  A gnoll (D:1)
  A worm (D:2)
  3 dart slugs
  6 endoplasms
  2 giant cockroaches (D:2)
  6 goblins
  4 hobgoblins
  4 kobolds
  4 ball pythons
  7 bats
  3 frilled lizards
  2 rats
43 creatures vanquished.

Notes
Turn   | Place    | Note
-------+----------+-------------------------------------------
     0 | D:1      | qw the Gargoyle Hexslinger began the quest for the Orb.
     0 | D:1      | Reached XP level 1. HP: 12/12 MP: 2/2
     0 | D:1      | 0 ||| qw: Version: 0.3-a-52-g30416fa
     0 | D:1      | 0 ||| qw: Game counter: 5850
     0 | D:1      | 0 ||| qw: Melee chars always use a shield: true
     0 | D:1      | 0 ||| qw: God list: Okawaru
     0 | D:1      | 0 ||| qw: Allow faded altars: false
     0 | D:1      | 0 ||| qw: Do Orc after clearing Dungeon:15 true
     0 | D:1      | 0 ||| qw: Do second Lair branch before Depths: true
     0 | D:1      | 0 ||| qw: Lair rune preference: random
     0 | D:1      | 0 ||| qw: Goals: Normal
     0 | D:1      | 0 ||| PLANNING D:1-11
     1 | D:1      | Found a runed translucent door.
    53 | D:1      | Reached XP level 2. HP: 16/16 MP: 3/3
    91 | D:1      | Reached skill level 3 in Ranged Weapons
   154 | D:1      | Reached XP level 3. HP: 8/21 MP: 4/4
   469 | D:1      | 469 ||| READING scroll labelled QEHENN DARGH.
   470 | D:1      | 470 ||| DROPPING scroll of poison.
   756 | D:2      | Found a bloodstained altar of Trog.
   765 | D:2      | Reached XP level 4. HP: 26/26 MP: 5/5
   901 | D:2      | 901 ||| UPGRADING to +0 ring mail.
   911 | D:2      | 911 ||| DROPPING +0 robe.
   912 | D:2      | 912 ||| UPGRADING to +0 helmet.
   917 | D:2      | 917 ||| UPGRADING to +0 pair of gloves.
   922 | D:2      | 922 ||| UPGRADING to ring of protection from fire.
   923 | D:2      | 923 ||| READING scroll labelled VOITUU HIFAVUO.
   924 | D:2      | 924 ||| READING scroll labelled TAFIGU MEXIWK.
   925 | D:2      | 925 ||| READING scroll labelled RIGUOS GITHE.
   932 | D:3      | Noticed Grinder
   932 | D:3      | Found Pojacino's Antique Weapon Emporium.
   939 | D:3      | 939 ||| STAIRDANCE
   939 | D:3      | HP: 4/26 [Grinder (3)]
   941 | D:2      | Frozen to death by an endoplasm

Levels and vault maps discovered:
D:1:      dpeg_arrival_caged_fury, layout_rooms
D:2:      layout_rooms, basic_altar
D:3:      layout_rooms, serial_shops, shop, chequers_big_river, hex_large,
          uniq_natasha, uniq_grinder

Skill      XL: |  1  2 |
---------------+-------+-----
Ranged Weapons | 3 |  3.9
Fighting       | 2 |  2.0
Armour         | |  0.1
Dodging        | |  1.5
Spellcasting   | |  1.0
Hexes          | |  2.6

Action                     |  1- 3 |  4- 6 || total
---------------------------+-------+-------++-------
   Fire: Sling             |   107 |    17 ||   124
    Use: Scroll            |     1 |     3 ||     4
 Armour: Robe              |     3 |       ||     3
         Ring mail         |       |     8 ||     8
  Dodge: Dodged            |    18 |    15 ||    33

Table legend:
 A = Non-vault XP
 B = Vault XP
 C = Vault XP percentage of total XP
 D = Non-vault monster count
 E = Vault monster count
 F = Vault count percentage of total count
                 A         B        C        D         E       F
            +---------+---------+-------+---------+---------+-------
      Total |      92 |       0 |   0.0 |      43 |       0 |   0.0
            +---------+---------+-------+---------+---------+-------
        D:1 |      54 |       0 |   0.0 |      24 |       0 |   0.0
        D:2 |      36 |       0 |   0.0 |      18 |       0 |   0.0
        D:3 |       2 |       0 |   0.0 |       1 |       0 |   0.0
            +---------+---------+-------+---------+---------+-------
